 Dungeon Crawl Stone Soup version 0.30-b1-2-g02819fbbbe (webtiles) character file.

Game seed: 17801312936401964923

2848 LLlMATKO the Fighter (level 9, -12/123 HPs)
             Began as a Minotaur Berserker on Sept 19, 2023.
             Was an Elder of Trog.
             Mangled by a death yak (16 damage)
             ... on level 8 of the Dungeon on Sept 20, 2023.
             The game lasted 00:06:09 (6417 turns).

LLlMATKO the Fighter (Minotaur Berserker)           Turns: 6417, Time: 00:06:09

Health: -12/123    AC: 15    Str: 26    XL:     9   Next: 46%
Magic:  8/8        EV:  9    Int:  4    God:    Trog [****..]
Gold:   323        SH:  0    Dex: 10    Spells: 8/8 levels left

rFire   . . .        r - +0 war axe
rCold   . . .        (no shield)
rNeg    . . .        D - +0 plate armour
rPois   .            (helmet restricted)
rElec   .            A - +0 cloak
rCorr   .            (no gloves)
SInv    .            (no boots)
Will    .....        e - amulet of the acrobat Stlth
                     (no ring)
HPRegen 0.40/turn    (no ring)
MPRegen 0.11/turn

%: acrobat
@: berserking, very quick
A: horns 2, retaliatory headbutt
a: Renounce Religion, Berserk, Trog's Hand, Brothers in Arms


You were on level 8 of the Dungeon.
You worshipped Trog.
Trog was greatly pleased with you.
You visited 1 branch of the dungeon, and saw 8 of its levels.

You collected 323 gold pieces.

Inventory:

Hand Weapons
 r - a +0 war axe (weapon)
 u - a +0 war axe
Missiles
 g - 11 poisoned darts (quivered)
 i - 3 silver javelins
Armour
 A - a +0 cloak (worn)
 D - a +0 plate armour (worn)
Jewellery
 e - an amulet of the acrobat (around neck)
 j - an amulet of guardian spirit
Wands
 m - a wand of roots (17)
 w - a wand of light (9)
 y - a wand of paralysis (7)
Scrolls
 d - a scroll of fear {unknown}
 h - 2 scrolls of poison {unknown}
 l - 4 scrolls of identify {unknown}
 n - a scroll of enchant armour {unknown}
 o - 5 scrolls of teleportation {unknown}
 q - a scroll of magic mapping {unknown}
 s - a scroll of immolation {unknown}
 B - a scroll of enchant weapon {unknown}
Potions
 a - a potion of brilliance {unknown}
 b - a potion of resistance {unknown}
 c - a potion of lignification {unknown}
 f - a potion of heal wounds
 k - 2 potions of invisibility {unknown}
 p - 2 potions of attraction {unknown}
 t - 2 potions of haste {unknown}
 v - a potion of mutation {unknown}
 x - 2 potions of might {unknown}
 z - a potion of degeneration {unknown}
 C - a potion of ambrosia {unknown}
 E - a potion of curing {unknown}


   Skills:
 + Level 8.7 Fighting
 + Level 8.7 Axes
 + Level 8.2 Armour
 + Level 7.4 Dodging


You had 8 spell levels left.
You didn't know any spells.
Your spell library was empty.

Dungeon Overview and Level Annotations

Branches:
Dungeon (8/15)             Temple (0/1) D:6            Lair (0/5) D:8

Altars:
Ashenzari
Dithmenos
Wu Jian
Xom

Shops:
D:5 [

Annotations:
D:7 2 transporters


Innate Abilities, Weirdness & Mutations

You have a pair of horns on your head.
You reflexively headbutt those who attack you in melee.


Message History

The death yak gores you but does no damage.
The death yak snorts and paws the ground.
The death yak gores you! x2
Unknown command.
A red film seems to cover your vision as you go berserk!
You feel yourself moving faster!
You feel mighty! The death yak gores you! x2
The death yak completely misses you. You furiously retaliate!
You headbutt the death yak!
The death yak gores you but does no damage.
You hit the death yak.
The death yak is lightly wounded.
You hit the death yak. x3; The death yak closely misses you.
The death yak gores you.
The death yak gores you but does no damage.
The death yak gores you!
* * * LOW HITPOINT WARNING * * *
Unknown command.
You slash the death yak!
The death yak is lightly wounded.
You hit the death yak. You slash the death yak! You hit the death yak.
The death yak gores you!
* * * LOW HITPOINT WARNING * * *
The death yak gores you.
* * * LOW HITPOINT WARNING * * *
The death yak gores you but does no damage.
The death yak gores you!
* * * LOW HITPOINT WARNING * * *
Unknown command.
You hit the death yak but do no damage. You headbutt the death yak!
The death yak is moderately wounded.
You hit the death yak. You hit the death yak but do no damage.
You hit the death yak.
Unknown command.
Unknown command.
Unknown command.
You barely miss the death yak. You punch the death yak.
The death yak is moderately wounded.
You slash the death yak! You hit the death yak. You barely miss the death yak.
The death yak gores you!
You die...

.### ♣~P~.~P~♣# .
.# ♣~~~.~~P~# .#
#~~~.P~~~# ## .#
##~~.P~~.[. ..#
.#
##♣.~~.######..##
.#
#...#.##........
.#
#...#.##........
.#
#......YYc.....
.# #...@YYY....
## #..##YY.#.>. #
#..# .....$. #
#..# ....#.. #
###..# ......! #
#....# ###....
###########.#..#
####
..........#.##.#
#########.#.##.#


You could see 7 death yaks and a centaur.

Vanquished Creatures
  2 wyverns (D:8)
  3 yaks (D:8)
  2 water moccasins
  An ice beast (D:5)
  An ogre (D:5)
  A centaur (D:7)
  2 phantoms
  2 bullfrogs
  A kobold brigand (D:7)
  A scorpion (D:5)
  3 wights (D:7)
  3 electric eels (D:8)
  2 howler monkeys (D:7)
  A gnoll bouda (D:7)
  6 hounds
  Crazy Yiuf (D:6)
  2 orc priests
  A jelly (D:7)
  4 iguanas
  A sleepcap (D:5)
  Jessica (D:3)
  3 orc wizards
  Robin (D:3)
  15 gnolls
  3 adders
  2 white imps
  2 ufetubi (D:5)
  3 worms
  6 dart slugs
  21 orcs
  8 endoplasms
  2 giant cockroaches
  13 goblins
  21 hobgoblins
  A jackal (D:1)
  12 kobolds
  5 quokkas
  5 ball pythons
  4 bats
  4 frilled lizards
  8 rats
180 creatures vanquished.

Vanquished Creatures (others)
  22 plants (D:8)
22 creatures vanquished.

Grand Total: 202 creatures vanquished

Notes
Turn   | Place    | Note
-------+----------+-------------------------------------------
     0 | D:1      | LLlMATKO the Minotaur Berserker began the quest for the
                  | Orb.
     0 | D:1      | Reached XP level 1. HP: 19/19 MP: 0/0
    41 | D:1      | Reached XP level 2. HP: 16/27 MP: 1/1
   305 | D:1      | Reached ** piety under Trog
   345 | D:1      | Reached XP level 3. HP: 25/33 MP: 2/2
   837 | D:2      | Found a shimmering altar of Xom.
   984 | D:2      | Found a faded altar of an unknown god.
  1335 | D:3      | Noticed Robin
  1339 | D:3      | Reached XP level 4. HP: 37/41 MP: 3/3
  1345 | D:3      | Killed Robin
  1350 | D:3      | Reached *** piety under Trog
  1457 | D:3      | Reached XP level 5. HP: 28/47 MP: 4/4
  1689 | D:3      | Reached skill level 5 in Fighting
  1692 | D:3      | Reached skill level 5 in Axes
  1940 | D:3      | Noticed Jessica
  1946 | D:3      | Killed Jessica
  1947 | D:3      | Reached XP level 6. HP: 56/56 MP: 5/5
  1980 | D:3      | Found an ornate altar of the Wu Jian Council.
  2868 | D:5      | Entered Level 5 of the Dungeon
  2884 | D:5      | Reached **** piety under Trog
  2932 | D:5      | Reached skill level 5 in Armour
  2932 | D:5      | Reached XP level 7. HP: 56/62 MP: 6/6
  3211 | D:5      | Found Jymol's Armour Shop.
  3292 | D:5      | Reached skill level 5 in Dodging
  3710 | D:6      | Reached XP level 8. HP: 71/71 MP: 7/7
  3831 | D:6      | Found a staircase to the Ecumenical Temple.
  4223 | D:6      | Found a runed translucent door.
  4224 | D:6      | Noticed Crazy Yiuf
  4485 | D:6      | Killed Crazy Yiuf
  4548 | D:7      | Found a transporter.
  4556 | D:7      | Noticed a kobold demonologist
  4564 | D:7      | Found a transporter.
  5156 | D:7      | Found a broken altar of Ashenzari.
  5168 | D:7      | Found a shadowy altar of Dithmenos.
  5693 | D:8      | Reached XP level 9. HP: 42/81 MP: 8/8
  6408 | D:8      | Noticed a death yak
  6409 | D:8      | Found a staircase to the Lair.
  6409 | D:8      | Noticed a death yak
  6409 | D:8      | Noticed a death yak
  6409 | D:8      | Noticed a death yak
  6409 | D:8      | Noticed a death yak
  6409 | D:8      | Noticed a death yak
  6410 | D:8      | Noticed a death yak
  6415 | D:8      | HP: 3/123 [death yak (13)]
  6417 | D:8      | Mangled by a death yak

Illustrated notes

Levels and vault maps discovered:
D:1:      mainiacjoe_arrival_reflecting_pool, layout_loops_ring,
          minmay_tromino_v2
D:2:      layout_rooms, basic_altar, ebering_ecumenical_altar_mist,
          minmay_cupped
D:3:      layout_rooms, pdpol_wu_jian_five_deadly_venoms, serial_glass,
          glass_columns_b, glass_columns_a, glass_columns_a,
          chequers_serial_rivers_small_3, kennysheep_doodads, uniq_robin,
          uniq_jessica
D:4:      layout_basic, roderic_serpentine_path
D:5:      nicolae_BIG_FREAKIN_CUBE, layout_rooms, nicolae_wooded_promenade
D:6:      layout_gridville, temple_statues, uniq_crazy_yiuf_cottage
D:7:      gammafunk_wand_slinger, layout_gridville,
          amethyst_overflow_temple_binary
D:8:      layout_loops_ring, general_overflow_altar, dpeg_lair_monsters,
          serial_bayou, serial_bayou_lagoon_b, serial_bayou_shore_b,
          serial_bayou_shore_b, serial_bayou_pond_d, serial_bayou_pond_a

Skill      XL: |  1  2  3  4  5  6  7  8  9 |
---------------+----------------------------+-----
Axes           | 4 5 6 8 |  8.7
Fighting       | 4 5 6 8 |  8.7
Armour         | 3 4 5 6 7 8 |  8.2
Dodging        | 3 4 5 6 7 |  7.4

Action                     |  1- 3 |  4- 6 |  7- 9 || total
---------------------------+-------+-------+-------++-------
  Melee: Hand axe          |   110 |    83 |       ||   193
         Headbutt          |    19 |    24 |    33 ||    76
         War axe           |       |    48 |   171 ||   219
         Punch             |       |     3 |     1 ||     4
 Invoke: Berserk           |     1 |     2 |     7 ||    10
 Armour: Animal skin       |    14 |       |       ||    14
         Chain mail        |    21 |    60 |    58 ||   139
         Plate armour      |       |       |    19 ||    19
  Dodge: Dodged            |    49 |    63 |   105 ||   217
